 Dungeon Crawl Stone Soup version 0.29.0-4-gdea44cf6ec (webtiles) character file.

Game seed: 13166208672979645777

79 qw the Ruffian (level 4, -3/35 HPs)
             Began as a Ghoul Fire Elementalist on Aug 29, 2022.
             Slain by Terence
             ... wielding a +0 morningstar
              (8 damage)
             ... on level 2 of the Dungeon.
             The game lasted 00:01:52 (2370 turns).

qw the Ruffian (Ghoul Fire Elementalist)            Turns: 2370, Time: 00:01:52

Health: -3/35      AC:  3    Str: 13    XL:     4   Next: 37%
Magic:  5/5        EV: 12    Int: 10    God:
Gold:   66         SH:  0    Dex:  9    Spells: 5/6 levels left

rFire   . . .      SeeInvis .     - Unarmed
rCold   + . .      Faith    .   (no shield)
rNeg    + + +      Spirit   .   a - +0 robe
rPois   inf        Reflect  .   b - +0 helmet
rElec   .          Harm     .   (no cloak)
rCorr   .          Rampage  .   (no gloves)
Will    .....                   (no boots)
Stlth   ++........              (no amulet)
HPRegen 0.00/turn               (no ring)
MPRegen 0.09/turn               (no ring)

@: inhibited regen
A: claws 1, cold resistance 1, negative energy resistance 3, inhibited
regeneration, torment resistance 2, devour on kill
a: no special abilities


You were on level 2 of the Dungeon.
You visited 1 branch of the dungeon, and saw 2 of its levels.

You collected 66 gold pieces.


Innate Abilities, Weirdness & Mutations

You are immune to poison.
You have sharp fingernails.
Your flesh is cold resistant. (rC+)
You are immune to negative energy. (rN+++)
You do not regenerate when monsters are visible.
You are immune to unholy pain and torment.
You thrive by killing the living.


   Skills:
 + Level 1.0 Fighting
 - Level 1.7 Dodging
 - Level 2.1 Stealth
 - Level 4.0 Unarmed Combat
 - Level 1.7 Spellcasting
 - Level 0.7 Conjurations
 - Level 2.4 Fire Magic


You had 5 spell levels left.
You knew the following spells:

 Your Spells              Type           Power      Damage    Failure   Level
a - Foxfire               Conj/Fire      16%        2x1d4     17%         1

Your spell library contained the following spells:

 Spells                   Type           Power      Damage    Failure   Level
 Scorch                   Fire           10%        2d6       19%         2
 Conjure Flame            Conj/Fire      4%         6-21      45%         3
 Inner Flame              Hex/Fire       3%         N/A       52%         3
 Flame Wave               Conj/Fire      4%         2d5       86%         4

Inventory:

Missiles
 f - a boomerang (quivered)
Armour
 a - a +0 robe (worn)
 b - a +0 helmet (worn)
 e - a +0 plate armour
Scrolls
 g - a scroll of identify
Potions
 c - a potion of haste {unknown}
 d - a potion of curing {unknown}
 h - a potion of degeneration {unknown}
 i - a potion of resistance {unknown}

Dungeon Overview and Level Annotations

Branches:
Dungeon (2/15)

Altars:
Hepliaklqana

Annotations:
D:2 Terence


Message History

The adder closely misses you.
Terence hits the plant with a +0 morningstar.
The hobgoblin hits you.
You scratch the adder.
The adder is heavily wounded.
The adder bites you but does no damage.
Terence hits the plant with a +0 morningstar!
The hobgoblin closely misses you. The adder closely misses you.
You closely miss the adder.
The adder is heavily wounded.
A nearby plant withers and dies.
The adder barely misses you. The hobgoblin barely misses you.
You barely miss the adder.
The adder is heavily wounded.
The adder misses you. The hobgoblin hits you.
You closely miss the adder.
The adder is heavily wounded.
The adder closely misses you.
The hobgoblin hits you but does no damage.
You scratch the adder but do no damage.
The adder is heavily wounded.
The adder barely misses you. The hobgoblin closely misses you.
The adder bites you.
You scratch the adder.
You kill the adder!
The hobgoblin completely misses you.
Your Unarmed Combat skill increases to level 4!
2365 ||| Stepping ~*~*~tactically~*~*~ (outnumbered).
Found 4 javelins.
You scratch Terence but do no damage. Terence hits you with a +0 morningstar.
You barely miss Terence. Terence hits you with a +0 morningstar!
2368 ||| Stepping ~*~*~tactically~*~*~ (outnumbered).
The hobgoblin attacks as you move away! The hobgoblin misses you.
You scratch Terence but do no damage. Terence closely misses you.
You scratch Terence but do no damage. Terence hits you with a +0 morningstar!
You die...

## .### 7
P.(7## ..
...P######
.7~7 ........
.~~~~ ~P"..#
.~~~~~7~...#
.~~7~~@...#
...7~~77@.##
[.....%.g#####
.............#
.#######.##..#
#.##..#
#.##<.#
#.##..# #
#.##..####.#


You could see Terence and a hobgoblin.

Vanquished Creatures
  3 adders (D:2)
  2 worms (D:2)
  2 dart slugs (D:1)
  3 endoplasms
  2 giant cockroaches (D:1)
  2 goblins (D:1)
  4 hobgoblins
  2 quokkas
  3 ball pythons
  5 bats
  4 frilled lizards
  8 kobolds
  3 rats (D:1)
43 creatures vanquished.

Vanquished Creatures (others)
  6 plants (D:2)
6 creatures vanquished.

Grand Total: 49 creatures vanquished

Notes
Turn   | Place    | Note
-------+----------+-------------------------------------------
     0 | D:1      | qw the Ghoul Fire Elementalist began the quest for the Orb.
     0 | D:1      | Reached XP level 1. HP: 14/14 MP: 2/2
     0 | D:1      | 0 ||| qw: Version: 0.1-a-90-g952f4b7
     0 | D:1      | 0 ||| qw: Game counter: 3659
     0 | D:1      | 0 ||| qw: Always use a shield: true
     0 | D:1      | 0 ||| qw: God list: Okawaru
     0 | D:1      | 0 ||| qw: Allow faded altars: false
     0 | D:1      | 0 ||| qw: Do Orc after D:15 true
     0 | D:1      | 0 ||| qw: Do second Lair branch before Depths: true
     0 | D:1      | 0 ||| qw: Lair rune preference: random
     0 | D:1      | 0 ||| qw: Plans: Normal
     0 | D:1      | 0 ||| PLANNING D:1-11
    96 | D:1      | 96 ||| DROPPING potion of magic.
    97 | D:1      | 97 ||| Stepping randomly (stuck).
    99 | D:1      | 99 ||| Stepping randomly (stuck).
   101 | D:1      | 101 ||| Stepping randomly (stuck).
   103 | D:1      | 103 ||| Stepping randomly (stuck).
   105 | D:1      | 105 ||| Stepping randomly (stuck).
   137 | D:1      | Reached skill level 1 in Unarmed Combat
   330 | D:1      | Found a faded altar of an unknown god.
   547 | D:1      | Reached skill level 1 in Fighting
   547 | D:1      | Reached XP level 2. HP: 21/23 MP: 3/3
   622 | D:1      | 622 ||| Stepping ~*~*~tactically~*~*~ (stealth).
   624 | D:1      | 624 ||| Stepping ~*~*~tactically~*~*~ (hiding).
   844 | D:1      | Reached skill level 2 in Unarmed Combat
  1231 | D:1      | Reached XP level 3. HP: 19/28 MP: 4/4
  1753 | D:1      | 1753 ||| UPGRADING to +0 helmet.
  1758 | D:1      | 1758 ||| READING 2 scrolls labelled QOXZIR FESOTRO.
  1759 | D:1      | 1759 ||| READING scroll labelled UPACOOKHL DYUZ.
  1784 | D:2      | 1784 ||| STAIRDANCE
  1797 | D:2      | 1797 ||| STAIRDANCE
  1861 | D:2      | 1861 ||| Stepping ~*~*~tactically~*~*~ (stealth).
  1924 | D:2      | Reached skill level 3 in Unarmed Combat
  2175 | D:2      | Found a hazy altar of Hepliaklqana.
  2227 | D:2      | Reached XP level 4. HP: 35/35 MP: 5/5
  2343 | D:2      | 2343 ||| Stepping ~*~*~tactically~*~*~ (stealth).
  2345 | D:2      | 2345 ||| Stepping ~*~*~tactically~*~*~ (stealth).
  2348 | D:2      | Noticed Terence
  2365 | D:2      | Reached skill level 4 in Unarmed Combat
  2365 | D:2      | 2365 ||| Stepping ~*~*~tactically~*~*~ (outnumbered).
  2367 | D:2      | HP: 5/35 [Terence/+0 morningstar (7)]
  2368 | D:2      | 2368 ||| Stepping ~*~*~tactically~*~*~ (outnumbered).
  2370 | D:2      | Slain by Terence

Levels and vault maps discovered:
D:1:      mrwooster_arrival_arrow, layout_basic,
          shapermc_ecumenical_altar_notcrosses
D:2:      layout_loops_ring, basic_altar, minmay_misc_feat_alley,
          serial_bayou_pond_a, uniq_crazy_yiuf_cottage, uniq_terence

Skill      XL: |  1  2  3  4 |
---------------+-------------+-----
Unarmed Combat | 1 2 3 4 |  4.0
Fighting       | 1 |  1.0
Dodging        | |  1.7
Stealth        | |  2.1
Spellcasting   | |  1.7
Conjurations   | |  0.7
Fire Magic     | |  2.4

Action                   |  1- 3 |  4- 6 || total
-------------------------+-------+-------++-------
Melee: Unarmed           |   155 |    34 ||   189
       Punch             |     1 |       ||     1
Throw: Boomerang         |    45 |     5 ||    50
  Use: Scroll            |     2 |       ||     2
Armor: Robe              |    29 |     5 ||    34
Dodge: Dodged            |    92 |    23 ||   115

Table legend:
 A = Non-vault XP
 B = Vault XP
 C = Vault XP percentage of total XP
 D = Non-vault monster count
 E = Vault monster count
 F = Vault count percentage of total count
                 A         B        C        D         E       F
            +---------+---------+-------+---------+---------+-------
      Total |     113 |       0 |   0.0 |      43 |       0 |   0.0
            +---------+---------+-------+---------+---------+-------
        D:1 |      44 |       0 |   0.0 |      27 |       0 |   0.0
        D:2 |      69 |       0 |   0.0 |      16 |       0 |   0.0
            +---------+---------+-------+---------+---------+-------
